 Dungeon Crawl Stone Soup version 0.31.0-12-g77e489cdc1 (webtiles) character file.

Game seed: 17210800295289915566

46 Gabide the Magician (level 3, 0/28 HPs)
             Began as a Demigod Hedge Wizard on Feb 28, 2024.
             Succumbed to an adder's poison
             ... on level 2 of the Dungeon.
             The game lasted 00:03:12 (1430 turns).

Gabide the Magician (Demigod Hedge Wizard)          Turns: 1430, Time: 00:03:13

Health: 0/28       AC:  2    Str: 15    XL:     3   Next: 26%
Magic:  0/10       EV: 12    Int: 16    God:
Gold:   118        SH:  0    Dex: 13    Spells: 6/7 levels left

rFire   . . .        a - +0 dagger
rCold   . . .        (no shield)
rNeg    . . .        b - +0 robe
rPois   .            c - +0 hat
rElec   .            (no cloak)
rCorr   .            (no gloves)
SInv    .            (no boots)
Will    .....        (no amulet)
Stlth   ++           (no ring)
HPRegen 0.24/turn    (no ring)
MPRegen 0.12/turn

%: no passive effects
@: lethally poisoned (0 -> -4), invisible
A: high MP 1, forlorn, divine attributes
a: no special abilities


You were on level 2 of the Dungeon.
You visited 1 branch of the dungeon, and saw 2 of its levels.

You collected 118 gold pieces.

Inventory:

Hand Weapons
 a - a +0 dagger (weapon)
Armour
 b - a +0 robe (worn)
 c - a +0 hat (worn)
 k - a +0 chain mail
Scrolls
 g - a scroll of immolation
 h - a scroll of noise
 j - a scroll of amnesia
Potions
 d - a potion of magic
 f - a potion of heal wounds {unknown}
 i - a potion of brilliance


   Skills:
 * Level 1.6 Fighting
 + Level 2.1 Dodging
 + Level 2.2 Stealth
 + Level 2.9 Spellcasting
 - Level 1.0 Conjurations
 - Level 1.0 Summonings
 - Level 1.0 Translocations


You had 6 spell levels left.
You knew the following spells:

 Your Spells              Type           Power      Damage    Failure   Level
a - Magic Dart            Conj           20%        1d4       13%         1

Your spell library contained the following spells:

 Spells                   Type           Power      Damage    Failure   Level
 Slow                     Hex            8%         N/A       19%         1
 Blink                    Tloc           10%        N/A       19%         2
 Call Imp                 Summ           10%        N/A       19%         2
 Cigotuvi's Dreadful Rot  Necr/Alch/Air  4%         N/A       28%         2
 Mephitic Cloud           Conj/Alch/Air  3%         N/A       45%         3


Dungeon Overview and Level Annotations

Branches:
Dungeon (2/15)


Innate Abilities, Weirdness & Mutations

You have an increased reservoir of magic. (+10% MP)
You shall have no god before yourself.
Your divine heritage dramatically boosts your attributes as you level up.


Message History

You are too injured to fight recklessly!
You are too injured to fight recklessly!
You barely miss the adder.
The adder is heavily wounded.
The adder closely misses you.
You hit the adder.
The adder is severely wounded.
The adder bites you but does no damage.
You barely miss the adder.
The adder is severely wounded.
The adder misses you. The adder bites you.
You are poisoned.
The adder poisons you!
You closely miss the adder.
The adder is severely wounded.
You feel sick. The adder barely misses you.
Aiming: Magic Dart (safe; 13% risk of failure)
Press: ? - help, Q - select action Shift-Dir - straight line, f/p - adder
Aim: an adder (severely wounded, 100% to hit)
The magic dart hits the adder.
The adder is almost dead.
You feel sick. The adder misses you.
Your magical contamination has completely faded away.
You don't have enough magic to cast this spell.
You hit the adder but do no damage.
The adder is almost dead.
You feel sick. The adder barely misses you.
You closely miss the adder.
The adder is almost dead.
You feel sick. The adder bites you.
* * * LOW HITPOINT WARNING * * *
You are lethally poisoned!
The adder poisons you! The adder bites you.
* * * LOW HITPOINT WARNING * * *
You fade into invisibility!
* * * LOW HITPOINT WARNING * * *
You feel sick. The adder closely misses you.
* * * LOW HITPOINT WARNING * * *
You feel sick.
You die...

#.# #.# #.# #.# #.#
#.# #.#####.##
#........#
#.....#..#
.........#
...##.##.###########
...##.##........@..#
...##.############S#
...##.# #)# ...##.#
#.# ... ..# #.# ###
#.# #.# .). #.#


You could see an adder (unable to see you).

Vanquished Creatures
  An adder (D:2)
  5 bats
  4 endoplasms
  3 giant cockroaches
  5 goblins
  2 hobgoblins (D:1)
  A quokka (D:1)
  2 ball pythons
  3 frilled lizards (D:1)
  4 kobolds
  4 rats
34 creatures vanquished.

Notes
Turn   | Place    | Note
-------+----------+-------------------------------------------
     0 | D:1      | Gabide the Demigod Hedge Wizard began the quest for the
                  | Orb.
     0 | D:1      | Reached XP level 1. HP: 14/14 MP: 6/6
    87 | D:1      | Reached skill level 1 in Translocations
   152 | D:1      | Reached skill level 1 in Conjurations
   152 | D:1      | Reached skill level 1 in Summonings
   390 | D:1      | Reached XP level 2. HP: 22/22 MP: 0/8
   631 | D:1      | Reached skill level 1 in Fighting
  1342 | D:2      | Reached XP level 3. HP: 28/28 MP: 8/10
  1429 | D:2      | HP: 1/28 [poisoned by an adder]
  1430 | D:2      | Succumbed to an adder's poison

Illustrated notes

Levels and vault maps discovered:
D:1:      lightli_iron_boxes, layout_rooms, hellmonk_ecumenical_altar_blasted
D:2:      layout_loops_ring, uniq_crazy_yiuf_cottage, uniq_robin

Skill      XL: |  1  2 |
---------------+-------+-----
Translocations | 1 |  1.0
Conjurations   | 1 |  1.0
Summonings     | 1 |  1.0
Stealth        | 2 |  2.2
Dodging        | 2 |  2.1
Fighting       | 1 |  1.6
Spellcasting   | |  2.9

Action                     || total
---------------------------++-------
  Melee: Dagger            ||    32
   Cast: Magic Dart        ||    75
    Use: Scroll            ||     4
         Potion            ||     1
   Stab: Sleeping          ||     2
 Armour: Robe              ||    22
  Dodge: Dodged            ||    32
